 Dungeon Crawl Stone Soup version 0.19-a0-1883-gc9e4fd8 (webtiles) character file.

4529 rgaf the Frost Mage (level 10, -5/58 HPs)
             Began as a High Elf Ice Elementalist on Oct 14, 2016.
             Was a Believer of Vehumet.
             Slain by a wolf spider (7 damage)
             ... on level 9 of the Dungeon.
             The game lasted 00:24:29 (12050 turns).

rgaf the Frost Mage (High Elf Ice Elementalist)    Turns: 12050, Time: 00:24:30

Health: -5/58      AC:  5    Str: 11    XL:     10   Next: 17%
Magic:  2/31       EV: 13    Int: 23    God:    Vehumet [**....]
Gold:   436        SH:  0    Dex: 19    Spells: 5 memorised, 10 levels left

rFire  + . .     SeeInvis +     B - +2 rapier (drain)
rCold  + . .     Gourm    +     D - +1 robe of Inviolability {rElec rCorr Str+4 Dex+3}
rNeg   . . .     Faith    .     (no shield)
rPois  +         Spirit   .     (no helmet)
rElec  +         Dismiss  .     J - +1 cloak {MR+}
rCorr  +         Reflect  .     (no gloves)
MR     ++...     Harm     .     (no boots)
Stlth  ++........               M - amulet of the gourmand
                                k - ring of magical power
                                N - ring of see invisible

@: lethally poisoned (-5 -> -59), resistant
A: no striking features
a: Renounce Religion


You were on level 9 of the Dungeon.
You worshipped Vehumet.
Vehumet was pleased with you.
You were very full.

You visited 1 branch of the dungeon, and saw 10 of its levels.

You collected 595 gold pieces.
You spent 159 gold pieces at shops.

Inventory:

Hand Weapons
 i - a +0 dagger
 o - a +0 short sword
 p - a +0 dagger of draining
 B - a +2 rapier of draining (weapon)
Missiles
 m - 335 stones (quivered)
Armour
 a - a +1 robe
 D - the +1 robe of Inviolability (worn) {rElec rCorr Str+4 Dex+3}
   (You bought it in a shop on level 6 of the Dungeon)

   It affects your strength (+4).
   It affects your dexterity (+3).
   It insulates you from electricity.
   It protects you from acid and corrosion.
 J - a +1 cloak of magic resistance (worn)
Magical Staves
 d - an uncursed staff of poison
 K - an uncursed staff of air
 T - an uncursed staff of fire
Jewellery
 k - a ring of magical power (right hand)
 u - a +3 ring of slaying
 A - an uncursed ring of protection from magic
 E - an uncursed ring of fire
 M - an amulet of the gourmand (around neck)
 N - a ring of see invisible (left hand)
Wands
 v - a wand of lightning (8/15)
 y - a wand of lightning (5/15)
 C - a wand of random effects (27/48)
 G - a wand of paralysis (7/24)
 I - a wand of flame (36/48)
 O - a wand of random effects (24/48)
 Q - a wand of lightning (14/15)
 S - a wand of paralysis (17/24)
Scrolls
 f - a scroll of enchant armour
 n - 2 scrolls of recharging
 q - a scroll of remove curse
 r - 4 scrolls of immolation
 w - 2 scrolls of magic mapping
 x - a scroll of random uselessness
Potions
 g - a potion of magic
 j - a potion of resistance
 s - a potion of brilliance
 t - 2 potions of haste
 z - a potion of ambrosia {unknown}
 R - a potion of beneficial mutation {unknown}
Books
 b - a book of Frost

   Spells                             Type                      Level
   a - Freeze                         Ice                          1
   b - Throw Frost                    Conjuration/Ice              2
   c - Ozocubu's Armour               Charms/Ice                   3
   d - Throw Icicle                   Conjuration/Ice              4
   e - Summon Ice Beast               Ice/Summoning                4
 F - a book of Maledictions

   Spells                             Type                      Level
   a - Corona                         Hexes                        1
   b - Ensorcelled Hibernation        Hexes/Ice                    2
   c - Confuse                        Hexes                        3
   d - Tukima's Dance                 Hexes                        3
   e - Dazzling Spray                 Conjuration/Hexes            3
Comestibles
 c - 5 bread rations
 l - 5 meat rations
 H - 10 royal jellies
 L - 4 fruits
 P - 2 beef jerkies


   Skills:
 + Level 1.2 Fighting
 + Level 1.0 Armour
 - Level 2.1 Dodging
 - Level 2.1 Stealth
 + Level 7.8 Spellcasting
 * Level 9.9 Conjurations
 * Level 10.0 Ice Magic


You had 10 spell levels left.
You knew the following spells:

 Your Spells              Type           Power        Failure   Level  Hunger
a - Freeze                Ice            ####         1%          1    None
b - Throw Frost           Conj/Ice       ######       1%          2    None
c - Throw Icicle          Conj/Ice       ######..     1%          4    ###....
d - Summon Ice Beast      Ice/Summ       ####....     12%         4    ###....
e - Ozocubu's Armour      Chrm/Ice       ####....     3%          3    None


Dungeon Overview and Level Annotations

Branches:
Dungeon (10/15)            Temple (0/1) D:7            Lair (0/6) D:9
    Orc (0/2) D:9

Altars:
Ashenzari
Dithmenos
Kikubaaqudgha
Qazlal
Ru
Sif Muna
Trog
Vehumet
Yredelemnul

Shops:
D:6 [   D:9 [

Annotations:
D:10 Beargit's ghost, novice DsFi


Message History

Confirm with . or Enter, or press ? or * to list all spells.
Okay, then.
Casting: Throw Icicle
Confirm with . or Enter, or press ? or * to list all spells.
Aiming: Throw Icicle
Press: ? - help, Shift-Dir - straight line, f/p - wolf spider
Aim: a wolf spider (severely wounded, clinging) Really fire in your ice beast's direction?
The shard of ice misses the wolf spider.
The shard of ice hits your ice beast.
Your ice beast partially resists.
Your ice beast is moderately wounded.
* * * LOW HITPOINT WARNING * * *
You feel very sick. The wolf spider hits you.
* * * LOW HITPOINT WARNING * * *
The wolf spider bites you!
* * * LOW HITPOINT WARNING * * *
The wolf spider hits you!
You die...

#.# #.,,,*,,Os.C...#...P#
#.#########.,,,*,,t,,,,,,#P...#
........<.#'####****'****####'#
#.####....#...8#,,,,,,,,,#....#
.........##....#,,,,,,,,,#....###
########.##....#,,,,,,,,,#....#..
#......#....#,,,,,,,,,#....###
#.###.##....###########....#.#
###.###.##...Ys@...#....'....#..
#.....#)##....#....#.⌠..#....#.#
##.#.#.#.##..).#....#..⌠.#....###
..........#8.).#....#....#....#
#..#.#.############'#'##########
.......# #.# *,,,.#....# ##.#
####.### #.# *,,,,#....# #..# #
#.# #.# *,,,,#....# ##.### # #.#
#.# *>,,,#...># #.....


You could see a wolf spider and an ice beast.

Vanquished Creatures
  A two-headed ogre (D:9)
  A wyvern (D:9)
  A wraith (D:8)
  4 orc warriors
  4 slaves (D:8)
  2 ice beasts
  4 black bears
  4 ogres
  3 sky beasts
  A phantom (D:9)
  5 centaurs
  A big kobold (D:7)
  6 bullfrogs
  A wight (D:9)
  3 howler monkeys
  5 crimson imps
  A bullfrog zombie (D:9)
  5 jellies
  Crazy Yiuf (D:7)
  A centaur zombie (D:7)
  2 orc priests
  2 hounds
  3 orc wizards
  A centaur skeleton (D:8)
  A bullfrog skeleton (D:7)
  Natasha (twice) (D:2)
  8 worker ants
  A howler monkey skeleton (D:9)
  7 gnolls
  13 adders
  4 shadow imps
  7 oozes
  An adder skeleton (D:4)
  A worm (D:3)
  4 dart slugs
  2 leopard geckos
  26 orcs
  4 giant cockroaches
  2 gnoll zombies (D:3)
  9 goblins
  4 hobgoblins
  3 jackals
  4 quokkas
  12 bats
  9 frilled lizards
  9 kobolds
  7 rats
202 creatures vanquished.

Vanquished Creatures (collateral kills)
  A sky beast (D:3)
  A phantom (D:5)
  A big kobold (D:9)
  A howler monkey (D:8)
  3 orcs (D:9)
7 creatures vanquished.

Vanquished Creatures (others)
  A rat (D:1)
  A fungus (D:9)
2 creatures vanquished.

Grand Total: 211 creatures vanquished

Notes
Turn   | Place    | Note
-------+----------+-------------------------------------------
     0 | D:1      | rgaf the High Elf Ice Elementalist began the quest for the Orb.
     0 | D:1      | Reached XP level 1. HP: 11/11 MP: 4/4
   257 | D:1      | Reached XP level 2. HP: 16/17 MP: 4/6
   447 | D:1      | Learned a level 2 spell: Throw Frost
   928 | D:1      | Reached XP level 3. HP: 12/21 MP: 5/8
  1570 | D:2      | Noticed Natasha
  1587 | D:2      | Reached skill level 4 in Ice Magic
  1590 | D:2      | Killed Natasha
  1590 | D:2      | Reached XP level 4. HP: 12/27 MP: 3/9
  1789 | D:2      | Noticed Natasha
  1796 | D:2      | Killed Natasha
  2289 | D:2      | Learned a level 4 spell: Throw Icicle
  2380 | D:3      | Reached XP level 5. HP: 31/31 MP: 11/11
  2468 | D:3      | Found a faded altar of an unknown god.
  2721 | D:3      | Noticed a sky beast
  3141 | D:3      | Learned a level 4 spell: Summon Ice Beast
  3268 | D:3      | Found a sacrificial altar of Ru.
  3366 | D:3      | Found a basalt altar of Yredelemnul.
  3431 | D:3      | Killed a sky beast
  3696 | D:4      | Reached skill level 5 in Ice Magic
  3696 | D:4      | Reached XP level 6. HP: 18/36 MP: 13/13
  4906 | D:5      | Entered Level 5 of the Dungeon
  5171 | D:5      | Reached XP level 7. HP: 36/41 MP: 13/14
  5254 | D:5      | Found an ancient bone altar of Kikubaaqudgha.
  5567 | D:5      | Reached skill level 5 in Conjurations
  5567 | D:5      | Reached skill level 6 in Ice Magic
  5704 | D:5      | Reached skill level 5 in Spellcasting
  6193 | D:5      | Found a radiant altar of Vehumet.
  6196 | D:5      | Found a deep blue altar of Sif Muna.
  6201 | D:5      | Became a worshipper of Vehumet
  6456 | D:6      | Reached XP level 8. HP: 46/46 MP: 17/17
  6688 | D:6      | Reached skill level 7 in Ice Magic
  6903 | D:6      | Found a shattered altar of Ashenzari.
  6997 | D:6      | Found Omi Upepivu's Antique Armour Boutique.
  7010 | D:6      | Bought a slimy robe for 159 gold pieces
  7020 | D:6      | Identified the +1 robe of Inviolability {rElec rCorr Str+4 Dex+3} (You bought it in a shop on level 6 of the Dungeon)
  7383 | D:7      | Found a staircase to the Ecumenical Temple.
  7669 | D:7      | Found a bloodstained altar of Trog.
  7790 | D:7      | Reached skill level 8 in Ice Magic
  8045 | D:7      | Found a shadowy altar of Dithmenos.
  8534 | D:7      | Found a runed door.
  8602 | D:7      | Noticed Crazy Yiuf
  8604 | D:7      | Killed Crazy Yiuf
  8604 | D:7      | Reached XP level 9. HP: 51/51 MP: 19/19
  8729 | D:8      | Reached * piety under Vehumet
  8729 | D:8      | Offered knowledge of Sandblast by Vehumet.
  9256 | D:8      | Found a stormy altar of Qazlal.
  9946 | D:8      | Reached skill level 9 in Ice Magic
 10229 | D:8      | Learned a level 3 spell: Ozocubu's Armour
 10595 | D:9      | Found a staircase to the Lair.
 10684 | D:9      | Reached ** piety under Vehumet
 10839 | D:9      | Offered knowledge of Magic Dart by Vehumet.
 11036 | D:9      | Found a staircase to the Orcish Mines.
 11038 | D:9      | Found Eruleint's Armour Shop.
 11179 | D:9      | Found a bloodstained altar of Trog.
 11358 | D:9      | Reached XP level 10. HP: 54/56 MP: 22/22
 11765 | D:10     | Entered Level 10 of the Dungeon
 11789 | D:10     | Noticed Beargit's ghost (novice DsFi)
 11907 | D:9      | Reached skill level 1 in Fighting
 11961 | D:9      | Noticed a cyclops
 11962 | D:9      | Noticed an ogre mage
 11962 | D:9      | Noticed a wolf spider
 12016 | D:9      | Reached skill level 1 in Armour
 12024 | D:9      | Reached skill level 10 in Ice Magic
 12050 | D:9      | HP: 2/58 [wolf spider (7)]
 12050 | D:9      | Slain by a wolf spider

Vault maps used:
D:1:      saegor_arrival_miasma
D:2:      first_bread, grunt_decor_fettered, minmay_large_rounded_square,
          uniq_natasha
D:3:      lemuel_zombie_altar_yredelemnul, nicolae_ru_path_of_blood,
          ecumenical_altar_1
D:5:      kiku_gazebo_pond_becter, minitemple
D:6:      kennysheep_mini_moat, serial_shops,
          nicolae_shop_competitors_out_of_business, hangedman_decor_lopped
D:7:      nicolae_dithmenos_shadow_blocks, lemuel_doored_altar,
          uniq_crazy_yiuf_cottage
D:8:      grunt_qazlal_sundering, hangedman_little_slice_of_home, uniq_pikel
D:9:      minmay_klotski, due_lair_maze_entry_diamond, orc_david_3,
          trog_ov_bears_minmay
D:10:     serial_shops, nicolae_shop_statue_plus

Skill      XL: |  1  2  3  4  5  6  7  8  9 10 |
---------------+-------------------------------+-----
Spellcasting   | 3 4 5 6 7 |  7.8
Conjurations   | 2 3 4 5 7 9 |  9.9
Ice Magic      | 4 5 6 8 9 10 | 10.0
Fighting       | 1 |  1.2
Armour         | 1 |  1.0
Dodging        | |  2.1
Stealth        | |  2.1

Action                   |  1- 3 |  4- 6 |  7- 9 | 10-12 || total
-------------------------+-------+-------+-------+-------++-------
Melee: Unarmed           |     4 |       |       |       ||     4
       Dagger            |    24 |    76 |    20 |       ||   120
       Short sword       |     2 |       |       |       ||     2
       Rapier            |       |       |    38 |     7 ||    45
       Staff             |       |       |    43 |     2 ||    45
 Cast: Freeze            |    45 |    50 |    68 |    20 ||   183
       Throw Frost       |       |    29 |    88 |    10 ||   127
       Throw Icicle      |       |     4 |    82 |    10 ||    96
       Summon Ice Beast  |       |     1 |     6 |     1 ||     8
       Ozocubu's Armour  |       |       |       |     1 ||     1
  Use: Scroll            |       |     5 |    11 |     2 ||    18
       Potion            |       |     1 |     2 |     3 ||     6
 Stab: Sleeping          |     5 |     2 |       |       ||     7
       Distracted        |     1 |       |       |       ||     1
  Eat: Chunk             |     1 |    12 |    22 |     5 ||    40
       Pizza             |       |     1 |       |       ||     1
       Bread ration      |       |       |     2 |       ||     2
       Royal jelly       |       |       |     2 |       ||     2
Armor: Robe              |     9 |    17 |    41 |    21 ||    88
Dodge: Dodged            |    41 |    68 |   128 |    39 ||   276
